 Dungeon Crawl Stone Soup version 0.32-a0-7-ge934b4519a (webtiles) character file.

Game seed: 13196561178607566835

25259 miscthings the Fighter (level 13, -10/137 HPs)
             Began as an Oni Shapeshifter on Jan 14, 2024.
             Was a High Priest of Okawaru.
             Mangled by a dream sheep (11 damage)
             ... on level 3 of the Lair of Beasts.
             The game lasted 00:32:56 (14775 turns).

miscthings the Fighter (Oni Shapeshifter)          Turns: 14775, Time: 00:32:57

Health: -10/137    AC:  5    Str: 25    XL:     13   Next: 18%
Magic:  19/19      EV: 20    Int: 18    God:    Okawaru [*****.]
Gold:   451        SH:  0    Dex:  7    Spells: 12/12 levels left

rFire   . .          .
                       - Unarmed
rCold   . . .        (shield currently unavailable)
rNeg    . . .        a - melded +0 animal skin
rPois   .            (helmet restricted)
rElec   .            (no cloak)
rCorr   .            (gloves unavailable)
SInv    .            (boots unavailable)
Will    +....        (no amulet)
Stlth   +            t - +5 ring of evasion
HPRegen 0.42/turn    y - +4 ring of protection
MPRegen 0.16/turn

%: no passive effects
@: flux-form, glowing
A: glow, contaminating, large, unfitting armour, horns 1, tough skin 1, double
potion healing, drunken brawling, clever 2, strong 1, evolution 1
a: Begin Untransformation, Renounce Religion, Heroism, Finesse, Duel


You were on level 3 of the Lair of Beasts.
You worshipped Okawaru.
Okawaru was extremely pleased with you.
You were something dangerously unstable.
You visited 2 branches of the dungeon, and saw 14 of its levels.
You also visited: Gauntlet.

You collected 732 gold pieces.
You spent 281 gold pieces at shops.

Inventory:

Hand Weapons
 f - a +3 dagger
 s - a +3 whip of holy wrath
Missiles
 w - 4 silver javelins
 B - 8 javelins (quivered)
 E - 9 large rocks
 N - 3 atropa-tipped darts
Armour
 a - a +0 animal skin (melded)
 D - a +2 robe of positive energy
 F - +0 steam dragon scales
 G - a +0 kite shield
 J - a +0 troll leather armour
Jewellery
 m - a ring of ice
 t - a +5 ring of evasion (left hand)
 y - a +4 ring of protection (right hand)
 z - a ring of protection from fire
 L - a ring of positive energy
 M - the ring "Ikunurys" {Fire Fly MP+9 Str+3}
   (You found it in a Gauntlet)

   [ring of fire]

   Fire:      It enhances your fire magic.
   Str+3:     It affects your strength (+3).
   rF+:       It protects you from fire.
   rC-:       It makes you vulnerable to cold.
   MP+9:      It affects your magic capacity (+9).
   Fly:       It grants you flight.
Talismans
 c - a beast talisman
 d - a flux talisman (active)
 x - the storm talisman of Valour {Will+ Str-5 Dex+2}
   (You found it on level 6 of the Dungeon)

   [storm talisman]

   Str-5:     It affects your strength (-5).
   Dex+2:     It affects your dexterity (+2).
   Will+:     It increases your willpower.
Wands
 r - a wand of mindburst (27)
Scrolls
 h - 2 scrolls of immolation
 k - a scroll of amnesia
 l - 2 scrolls of blinking
 q - a scroll of fog
 v - a scroll of poison
 A - 2 scrolls of revelation
 C - 5 scrolls of teleportation
 I - a scroll of enchant armour
 O - a scroll of enchant weapon {unknown}
 Q - a scroll of identify {@r1}
Potions
 b - 3 potions of lignification
 g - 3 potions of haste
 i - 2 potions of attraction
 j - a potion of mutation
 n - 2 potions of heal wounds
 o - 2 potions of invisibility
 p - 4 potions of brilliance
 u - a potion of might
 H - 2 potions of curing
 K - 2 potions of enlightenment {unknown}
 P - a potion of ambrosia {unknown}


   Skills:
 + Level 11.0 Fighting
 - Level 4.0 Throwing
 + Level 7.8 Dodging
 * Level 11.0 Unarmed Combat
 + Level 8.9 Invocations
 + Level 4.7 Evocations
 + Level 10.2 Shapeshifting


You had 12 spell levels left.
You didn't know any spells.
Your spell library contained the following spells:

 Spells                   Type           Power      Damage    Failure   Level
 Apportation              Tloc           0%         N/A       22%         1
 Necrotise                Necr           0%         1d4       22%         1
 Sandblast                Erth           0%         2d4       22%         1
 Cigotuvi's Dreadful Rot  Necr/Alch/Air  0%         N/A       32%         2
 Jinxbite                 Hex            0%         N/A       32%         2
 Sublimation of Blood     Necr           0%         N/A       32%         2
 Frozen Ramparts          Ice            0%         1d1       54%         3
 Inner Flame              Hex/Fire       0%         N/A       54%         3
 Passwall                 Erth           0%         N/A       54%         3
 Stone Arrow              Conj/Erth      0%         3d7       54%         3
 Vampiric Draining        Necr           0%         2d6       54%         3
 Anguish                  Hex/Necr       0%         N/A       91%         4
 Brom's Barrelling Bould  Conj/Erth      0%         2d3       91%         4
 Cause Fear               Hex            0%         N/A       91%         4
 Dispel Undead            Necr           0%         3d6       91%         4
 Leda's Liquefaction      Alch/Erth      0%         N/A       91%         4
 Petrify                  Alch/Erth      0%         N/A       91%         4
 Alistair's Intoxication  Alch           0%         N/A       99%         5
 Curse of Agony           Necr           0%         N/A       99%         5
 Irradiate                Conj/Alch      0%         3d11      99%         5
 Metabolic Englaciation   Hex/Ice        0%         N/A       99%         5
 Enfeeble                 Hex            0%         N/A       100%        7
 Ignition                 Fire           0%         3d3       100%        8
 Martyr's Knell           Necr/Summ      Unusable   N/A       N/A         4
 Death Channel            Necr           Unusable   N/A       N/A         6

Dungeon Overview and Level Annotations

Branches:
Dungeon (11/15)            Temple (0/1) D:4            Lair (3/5) D:10
 Shoals (0/4) Lair:2       Spider (0/4) Lair:3          Orc (0/2) D:10
Gauntlet (visited)

Altars:
Ashenzari
Dithmenos
Okawaru
Wu Jian

Shops:
D:2 *   D:5 [   D:8 *   D:10 !:?(:=

Annotations:
D:5 1 runed translucent door, DeathSocks's ghost, novice MiMo


Innate Abilities, Weirdness & Mutations

You are something dangerously unstable.
You glow with magical radiation, making you easy to see and hit.
Foes you strike become dangerously contaminated with magical radiation.
You are incapable of wielding weapons or throwing items.
You are too large for most types of armour.
You have a pair of small horns on your head.
You have tough skin. (AC +1)
You gain doubled healing and magic from potions.
Whenever you drink a healing potion, you attack all around you.
Your mind is very acute. (Int +8, Str/Dex -2)
Your muscles are strong. (Str +4, Int/Dex -1)
You have hidden genetic potential.


Message History

The komodo dragon attacks as it pursues you!
The komodo dragon bites you!!
* * * LOW HITPOINT WARNING * * *
You take a swig of the potion and flex your muscles.
You closely miss the dream sheep. You hit the komodo dragon.
The komodo dragon glows dangerously bright.
The komodo dragon is moderately wounded.
You savour every drop.
You feel much better. The dream sheep headbutts you.
The komodo dragon bites you!!
* * * LOW HITPOINT WARNING * * *
You hit the komodo dragon.
The komodo dragon shudders as magic cascades through it.
The komodo dragon twists and deforms.
You headbutt the komodo dragon.
The komodo dragon is severely wounded.
The dream sheep headbutts you.
* * * LOW HITPOINT WARNING * * *
You hit the komodo dragon.
The komodo dragon begins to glow.
The komodo dragon is severely wounded.
The komodo dragon closely misses you. The dream sheep headbutts you.
* * * LOW HITPOINT WARNING * * *
You hit the komodo dragon but do no damage.
The komodo dragon glows dangerously bright.
The komodo dragon is severely wounded.
The komodo dragon bites you.
* * * LOW HITPOINT WARNING * * *
The dream sheep completely misses you. The dream sheep misses you.
The dream sheep ruffle their wool and motes of dream dust sparkle, to no effect.
You hit the komodo dragon.
The komodo dragon shudders as magic cascades through it!!
You kill the komodo dragon!
Okawaru accepts your kill.
The dream sheep headbutts you but does no damage.
The dream sheep barely misses you.
Your Unarmed Combat skill increases to level 11!
The dream sheep shake their wool and sparkle.
You feel drowsy...
You fall asleep.
The dream sheep headbutts you!!
You wake up.
* * * LOW HITPOINT WARNING * * *
The dream sheep headbutts you!
You die...

##............###..
#.............##...
#..........#......
#...........#.....
##..........P###...
#.>.........P# #.#.
##......### ###.
###§§..#### #..
#pYY§.## ##.
##Y#§.## #).
#§#..P# ##.
#§§Y.[....# #..
#.........# #..
#...........# ##.
###..........# ..
#.........+..
#............


You could see 3 dream sheep.

Vanquished Creatures
  2 minotaurs
  A hydra (Lair:2)
  A catoblepas (Gauntlet)
  A hell beast (Gauntlet)
  5 two-headed ogres
  A death yak (Lair:2)
  A skyshark (Lair:3)
  Amaemon (D:9)
  The ghost of cforsyth the Ducker, a novice DjEn of Qazlal (D:6)
  A molten gargoyle (Arena)
  3 black mambas
  2 gargoyles
  A torpor snail (Lair:2)
  6 cane toads
  An orange demon (D:9)
  A minotaur zombie (Gauntlet)
  2 rime drakes
  Jeremiah (D:7)
  5 komodo dragons
  2 trolls
  Grinder (D:3)
  5 blink frogs (Lair:2)
  2 centaur simulacra (Gauntlet)
  A wraith (D:10)
  2 shadows
  5 wyverns
  11 yaks
  A steam dragon (D:9)
  2 basilisks
  2 hell hounds (Gauntlet)
  8 water moccasins
  3 sky beasts
  An ice beast (D:8)
  2 orc warriors (D:9)
  5 black bears
  An ogre (D:9)
  5 centaurs
  2 phantoms
  2 kobold brigands
  A gnoll sergeant (D:9)
  8 bullfrogs
  A hornet simulacrum (Gauntlet)
  7 wights
  6 killer bees (D:7)
  An electric eel (Lair:2)
  A howler monkey (D:7)
  2 bombardier beetles
  5 hounds (D:10)
  3 orc priests
  A sleepcap (D:5)
  A gnoll bouda (D:10)
  2 jellies
  Jessica (D:3)
  5 iguanas
  Terence (D:3)
  7 orc wizards
  9 adders
  26 gnolls
  3 shadow imps
  2 ufetubi (D:6)
  2 dart slugs
  43 orcs
  11 ball pythons
  8 endoplasms
  6 giant cockroaches
  8 goblins
  7 hobgoblins
  15 kobolds
  A quokka (D:4)
  3 bats
  4 frilled lizards
  5 rats
306 creatures vanquished.

Notes
Turn   | Place    | Note
-------+----------+-------------------------------------------
     0 | D:1      | miscthings the Oni Shapeshifter began the quest for the
                  | Orb.
     0 | D:1      | Reached XP level 1. HP: 19/19 MP: 1/1
   336 | D:1      | Reached XP level 2. HP: 27/27 MP: 2/2
   835 | D:2      | Reached XP level 3. HP: 24/33 MP: 3/3
   902 | D:2      | Found Aliecib's General Store.
   944 | D:2      | Reached XP level 4. HP: 26/41 MP: 4/4
  1024 | D:2      | Reached skill level 5 in Shapeshifting
  1201 | D:2      | Reached XP level 5. HP: 20/48 MP: 5/5
  1331 | D:2      | Bought a potion of degeneration for 13 gold pieces
  1801 | D:3      | Noticed Grinder
  1940 | D:3      | Reached XP level 6. HP: 13/55 MP: 6/6
  2382 | D:3      | Noticed Terence
  2391 | D:3      | Killed Terence
  2588 | D:3      | Killed Grinder
  2589 | D:3      | Reached XP level 7. HP: 53/65 MP: 7/7
  2683 | D:3      | Noticed Jessica
  2693 | D:3      | Killed Jessica
  2855 | D:4      | Found an ornate altar of the Wu Jian Council.
  2855 | D:4      | Found an iron altar of Okawaru.
  2856 | D:4      | Found a broken altar of Ashenzari.
  2944 | D:4      | Found a staircase to the Ecumenical Temple.
  2986 | D:4      | Became a worshipper of Warmaster Okawaru
  3676 | D:5      | Entered Level 5 of the Dungeon
  3751 | D:5      | Found a shadowy altar of Dithmenos.
  3854 | D:5      | Reached XP level 8. HP: 68/78 MP: 8/8
  3932 | D:5      | Found Dellar's Antique Armour Shoppe.
  3956 | D:5      | Found a runed translucent door.
  3958 | D:5      | Noticed DeathSocks's ghost (novice MiMo)
  4274 | D:6      | Found a runed translucent door.
  4288 | D:6      | Noticed cforsyth's ghost (novice DjEn)
  4515 | D:6      | Identified the storm talisman of Valour {Will+ Str-5 Dex+2}
  4877 | D:6      | Killed cforsyth's ghost
  4877 | D:6      | Reached * piety under Okawaru
  4877 | D:6      | Reached ** piety under Okawaru
  4878 | D:6      | Reached skill level 5 in Fighting
  4878 | D:6      | Reached skill level 5 in Unarmed Combat
  4878 | D:6      | Reached XP level 9. HP: 43/88 MP: 8/10
  5066 | D:7      | Noticed Jeremiah
  5196 | D:7      | Noticed a two-headed ogre
  5209 | D:7      | Killed a two-headed ogre
  5209 | D:7      | Reached *** piety under Okawaru
  5892 | D:7      | Killed Jeremiah
  5903 | D:7      | Reached **** piety under Okawaru
  6235 | D:7      | Reached XP level 10. HP: 100/100 MP: 13/13
  6243 | D:7      | Reached skill level 1 in Throwing
  6360 | D:7      | Noticed a two-headed ogre
  6370 | D:7      | Killed a two-headed ogre
  6371 | D:7      | Reached skill level 5 in Dodging
  6478 | D:8      | Found Desee's Overcharged Wands.
  6490 | D:8      | Reached ***** piety under Okawaru
  6511 | D:8      | Reached skill level 5 in Invocations
  7642 | D:9      | Noticed a two-headed ogre
  7651 | D:9      | Noticed a two-headed ogre
  7652 | D:9      | Killed a two-headed ogre
  7680 | D:9      | Killed a two-headed ogre
  7680 | D:9      | Received a gift from Okawaru
  7681 | D:9      | Reached skill level 1 in Evocations
  8051 | D:9      | Noticed a two-headed ogre
  8067 | D:9      | Killed a two-headed ogre
  8068 | D:9      | Reached XP level 11. HP: 46/111 MP: 15/15
  8470 | D:9      | Noticed Amaemon
  8520 | D:9      | Killed Amaemon
  8962 | D:10     | Entered Level 10 of the Dungeon
  8962 | D:10     | Found Loafuem's Magic Scroll Emporium.
  8968 | D:10     | Bought 3 scrolls of teleportation for 108 gold pieces
  8970 | D:10     | Bought a scroll of identify for 24 gold pieces
  9166 | D:10     | Found a staircase to the Orcish Mines.
  9330 | D:10     | Found Sippihang's Book Emporium.
  9335 | D:10     | Found Pengiawk's Antique Weapon Shoppe.
  9373 | D:10     | Received a gift from Okawaru
  9711 | D:10     | Found Uzukhlaq's Jewellery Shop.
  9887 | D:10     | Found Koec's Book Boutique.
  9977 | D:10     | Found Xatag's Distillery.
  9981 | D:10     | Bought a potion of heal wounds for 85 gold pieces
  9981 | D:10     | Bought a potion of curing for 51 gold pieces
  9993 | D:10     | Gained mutation: Your muscles are strong. (Str +4, Int/Dex
                  | -1) [potion of mutation]
  9993 | D:10     | Gained mutation: You have hidden genetic potential. [potion
                  | of mutation]
  9993 | D:10     | Gained mutation: Your mind is acute. (Int +4, Str/Dex -1)
                  | [potion of mutation]
 10065 | D:10     | Found a staircase to the Lair.
 10127 | D:11     | Noticed a two-headed ogre
 10240 | D:11     | Found a gate leading to a gauntlet.
 10256 | Gauntlet | Entered a Gauntlet
 10256 | Gauntlet | Found a transporter.
 10256 | Gauntlet | Found a transporter.
 10257 | Gauntlet | Found a transporter.
 10257 | Gauntlet | Found a transporter.
 10260 | Gauntlet | Found a transporter.
 10260 | Gauntlet | Found a transporter.
 10268 | Gauntlet | Noticed a sixfirhy
 10268 | Gauntlet | Noticed a sixfirhy
 10269 | Gauntlet | Noticed a sixfirhy
 10270 | Gauntlet | Found a transporter.
 10270 | Gauntlet | Noticed a hell beast
 10274 | Gauntlet | Found a transporter.
 10290 | Gauntlet | Found a transporter.
 10291 | Gauntlet | Found a transporter.
 10291 | Gauntlet | Noticed a catoblepas
 10310 | Gauntlet | Found a transporter.
 10312 | Gauntlet | Found a transporter.
 10401 | Gauntlet | Noticed a fire crab
 10483 | Gauntlet | HP: 4/115 [centaur warrior simulacrum (20)]
 10767 | Gauntlet | Killed a hell beast
 10778 | Gauntlet | Identified the ring "Ikunurys" {Fire Fly MP+9 Str+3}
 10977 | Arena    | Entered the Arena
 10985 | Arena    | Reached XP level 12. HP: 98/123 MP: 10/17
 11017 | Gauntlet | Killed a catoblepas
 11244 | Gauntlet | Noticed a minotaur
 11271 | Gauntlet | Killed a minotaur
 11747 | Lair:1   | Entered Level 1 of the Lair of Beasts
 11850 | Lair:1   | Reached skill level 10 in Unarmed Combat
 11955 | Lair:1   | Reached skill level 10 in Fighting
 12014 | Lair:1   | Gained mutation: Your mind is very acute. (Int +8, Str/Dex
                  | -2) [hidden potential]
 12089 | Lair:1   | Received a gift from Okawaru
 12437 | Lair:1   | Found a runed translucent door.
 12912 | Lair:1   | Noticed a minotaur
 12921 | Lair:1   | Killed a minotaur
 13045 | Lair:2   | Noticed a seven-headed hydra
 13054 | Lair:2   | Killed a seven-headed hydra
 13320 | Lair:2   | Noticed a death yak
 13331 | Lair:2   | Killed a death yak
 13332 | Lair:2   | Reached skill level 10 in Shapeshifting
 13755 | Lair:2   | Found a staircase to the Shoals.
 13756 | Lair:2   | Identified the +0 pair of boots "Gobunib" {Harm *Slow +Inv
                  | Stlth+}
 13859 | Lair:2   | Received a gift from Okawaru
 14192 | Lair:2   | Reached XP level 13. HP: 128/135 MP: 19/19
 14667 | Lair:3   | Found a hole to the Spider Nest.
 14775 | Lair:3   | HP: 1/137 [dream sheep (28)]
 14775 | Lair:3   | Mangled by a dream sheep

Illustrated notes

Levels and vault maps discovered:
D:1:      zelgadis_glass_arrival_small, layout_loops_ring,
          minmay_misc_feat_doors, nicolae_concentric_dashed_squares_wild
D:2:      layout_loops_ring, serial_shops, shop
D:3:      layout_basic, nicolae_concentric_dashed_squares_mild,
          skrybe_limestone_x, minmay_misc_feat_columns, uniq_terence,
          uniq_jessica, uniq_grinder
D:4:      layout_basic, gammafunk_temple_overflow_claw,
          minmay_temple_entry_wispy, serial_forest, infiniplex_forest_corner_2,
          infiniplex_forest_corner_1, infiniplex_forest_3_way,
          infiniplex_forest_pool, infiniplex_forest_lined_room_,
          infiniplex_forest_lined_2, minmay_parallelograms, minmay_checkerbox
D:5:      layout_basic, mainiacjoe_overflow_paths, ebering_ghost_inner_flame,
          serial_shops, nicolae_shop_behind_doors, kennysheep_generic_room_14
D:6:      dreamdust_elfheim, layout_gridville, ebering_ghost_sewer_d,
          amcnicky_mini_corridor_feature
D:7:      layout_gridville, billiards_dpeg, uniq_jeremiah
D:8:      layout_basic, nicolae_shop_overcharged_wands
D:9:      layout_long_grid, special_room [special_room_orc], uniq_amaemon
D:10:     layout_cave_pools, grunt_lair_entry_orc_guard_hut, orc_0_dummy,
          serial_shops, nicolae_shop_waterfront, shop,
          nicolae_shop_advertising_works [nicolae_subvault_shop_adworks],
          kennysheep_mini_moat, nicolae_shop_tiny_waterfront, serial_gnoll_camp,
          gnoll_camp_mini_shop, gnoll_camp_mini_doghouse, gnoll_camp_mini_house,
          gnoll_camp_mini_loothouse
D:11:     layout_stronghold, gauntlet_entry_generic, hangedman_decor_lopped
Lair:1:   dreamdust_labyrinth, layout_regular_city, serial_forest,
          infiniplex_forest_clump_diagonal, infiniplex_forest_end_2,
          infiniplex_forest_end_1, infiniplex_forest_end_3,
          infiniplex_forest_zigzag_1, infiniplex_forest_straight_4,
          infiniplex_forest_zigzag_1, infiniplex_forest_clump_medium,
          beast_lair_carwin_5
Lair:2:   layout_regular_city, shoals_dummy_entry, lemuel_fruit_fields,
          serial_bayou_shore_a
Lair:3:   layout_roguey, spider_nest_entry_web_field, gammafunk_ghost_ooze,
          dreamdust_gnoll_shepherd, lemuel_fruit_fields, serial_bayou_shore_b,
          grunt_megastairs_2, lemuel_fruit_fields

Skill      XL: |  1  2  3  4  5  6  7  8  9 10 11 12 13 |
---------------+----------------------------------------+-----
Shapeshifting  | 4 5 6 7 8 9 10 | 10.2
Fighting       | 2 3 5 6 8 9 10 11 | 11.0
Dodging        | 2 3 4 5 6 7 |  7.8
Unarmed Combat | 4 5 7 8 9 10 11 | 11.0
Invocations    | 2 4 6 7 8 |  8.9
Throwing       | 3 4 |  4.0
Evocations     | 1 3 4 |  4.7

Action                     |  1- 3 |  4- 6 |  7- 9 | 10-12 | 13-15 || total
---------------------------+-------+-------+-------+-------+-------++-------
  Melee: Dagger            |    56 |   131 |     6 |       |       ||   193
         Unarmed           |     6 |       |   279 |   666 |    70 ||  1021
         Headbutt          |     8 |    22 |    61 |   175 |    25 ||   291
         Punch             |     3 |     4 |     1 |       |       ||     8
 Invoke: Duel              |       |       |       |     1 |       ||     1
         Heroism           |       |       |       |     2 |       ||     2
         Finesse           |       |       |       |     2 |       ||     2
  Evoke: Wand              |       |       |       |    24 |     1 ||    25
    Use: Scroll            |     1 |     2 |     9 |    10 |     1 ||    23
         Potion            |       |       |     4 |     4 |     1 ||     9
   Stab: Sleeping          |     1 |       |       |       |       ||     1
         Paralysed         |       |       |       |    14 |       ||    14
 Armour: Animal skin       |    34 |    75 |     1 |       |       ||   110
         Skin              |       |       |   281 |   330 |    32 ||   643
  Dodge: Dodged            |    41 |    53 |   186 |   582 |    41 ||   903
   Form: Flux              |       |       |     1 |       |       ||     1

Table legend: (Time is in decaauts)
 A = Elapsed time spent in this place.
 B = Non-inter-level travel time spent in this place.
 C = Inter-level travel time spent in this place.
 D = Time resting spent in this place.
 E = Time spent auto-exploring this place.
 F = Levels seen in this place.
 G = Mean time per level.
                   A        B        C        D        E       F      G
               +--------+--------+--------+--------+--------+-----+--------+
         Total |  14632 |  13899 |    733 |   4298 |   6727 |  16 |  914.5 |
       Dungeon |  10254 |   9663 |    591 |   2304 |   5169 |  11 |  932.2 |
          Lair |   2984 |   2842 |    142 |    991 |   1419 |   3 |  994.7 |
      Gauntlet |   1364 |   1364 |      0 |    984 |    139 |   1 | 1364.0 |
         Arena |     29 |     29 |      0 |     17 |      0 |   1 |   29.0 |
               +--------+--------+--------+--------+--------+-----+--------+

Top non-repeatable levels by time:
  Lair:1: 1493 daAuts
     D:7: 1398 daAuts
  Lair:2: 1371 daAuts
Gauntlet: 1364 daAuts
     D:9: 1314 daAuts
    D:10: 1185 daAuts
     D:8: 1134 daAuts
     D:4: 947 daAuts
     D:1: 942 daAuts
     D:2: 929 daAuts
     D:6: 929 daAuts
     D:3: 854 daAuts
     D:5: 455 daAuts
    D:11: 164 daAuts
  Lair:3: 119 daAuts
